TOP OF THE 1ST |
Detroit Tigers batting - Pitching for Toronto Blue Jays : RHP Tony Rios
|
Pitching: RHP Tony Rios
|
|
Batting: LHB Tyler Davis
|
0-0: Ball 1-0: Ball 2-0: Called Strike 2-1: SINGLE (Popup, 3D, EV 66.9 MPH)
|
Batting: RHB Andres Leon
|
0-0: Foul Ball, location: 2F 0-1: Foul Ball, location: 2F 0-2: Ball 1-2: Strikes out swinging
|
Batting: RHB Victor Quinones
|
0-0: Fly out, F7 (Flyball, 78M, EV 89.4 MPH)
|
Batting: LHB Morgan Black
|
0-0: Called Strike 0-1: Ball 1-1: Foul Ball, location: 2F 1-2: DOUBLE (Flyball, 78XD, EV 111.2 MPH) Tyler Davis to third Runner from 3rd tries for Home, SAFE, throw by CF to trailing runner, OUT at third! 8-3-5
|
Top of the 1st over - 1 run, 2 hits, 0 errors, 0 left on base; Detroit 1 - Toronto 0 |
BOTTOM OF THE 1ST |
Toronto Blue Jays batting - Pitching for Detroit Tigers : RHP Eric Putnam
|
Pitching: RHP Eric Putnam
|
|
Batting: SHB Matt Altieri
|
0-0: Ball 1-0: Foul Ball, location: 2F 1-1: Ball 2-1: Fly out, F9 (Flyball, 9D, EV 101.9 MPH)
|
Batting: RHB Danny Burnside
|
0-0: Ball 1-0: Ball 2-0: Ball 3-0: Base on Balls
|
Batting: LHB Michael Byrd
|
0-0: Ball 1-0: Ball 2-0: Ball 3-0: Fly out, F8 (Flyball, 89M, EV 96.9 MPH)
|
Batting: RHB David Casas
|
0-0: Ball 1-0: Ball 2-0: Ground out 4-3 (Groundball, 34, EV 88.8 MPH)
|
Bottom of the 1st over - 0 runs, 0 hits, 0 errors, 1 left on base; Detroit 1 - Toronto 0 |
TOP OF THE 2ND |
Detroit Tigers batting - Pitching for Toronto Blue Jays : RHP Tony Rios
|
Batting: RHB Dave Reynolds
|
0-0: Ball 1-0: Called Strike 1-1: Swinging Strike 1-2: Ball 2-2: Ball 3-2: Strikes out swinging
|
Batting: RHB Adrian Novakovic
|
0-0: Called Strike 0-1: Called Strike 0-2: Ground out 6-3 (Groundball, 6, EV 102.5 MPH)
|
Batting: LHB Emmanuel Gaskin
|
0-0: Ball 1-0: Ball 2-0: SINGLE (Line Drive, 7LS, EV 97.5 MPH)
|
Batting: SHB Ross Holland
|
0-0: Ball 1-0: Called Strike 1-1: Called Strike 1-2: Foul Ball, location: 2F 1-2: Ball 2-2: Strikes out looking
|
Top of the 2nd over - 0 runs, 1 hit, 0 errors, 1 left on base; Detroit 1 - Toronto 0 |
BOTTOM OF THE 2ND |
Toronto Blue Jays batting - Pitching for Detroit Tigers : RHP Eric Putnam
|
Batting: LHB Jon Schick
|
0-0: Swinging Strike 0-1: Ball 1-1: Ball 2-1: Called Strike 2-2: Foul Ball, location: 2F 2-2: Fly out, F8 (Line Drive, 89D, EV 92.5 MPH)
|
Batting: RHB Donny Burnside
|
0-0: Called Strike 0-1: SINGLE (Line Drive, 4MD, EV 104.4 MPH)
|
Batting: LHB Nate Dean
|
0-0: Called Strike 0-1: Ball Donny Burnside steals 2nd base (no throw) 1-1: Swinging Strike 1-2: Fly out, F7 (Flyball, 7, EV 90.0 MPH)
|
Batting: RHB Kirk Arp
|
0-0: Ball 1-0: Ground out 6-3 (Groundball, 6, EV 87.5 MPH)
|
Bottom of the 2nd over - 0 runs, 1 hit, 0 errors, 1 left on base; Detroit 1 - Toronto 0 |
TOP OF THE 3RD |
Detroit Tigers batting - Pitching for Toronto Blue Jays : RHP Tony Rios
|
Batting: RHB Jerry Jauregui
|
0-0: Ball 1-0: Fly out, F9 (Flyball, 9D, EV 105.6 MPH)
|
Batting: LHB Tyler Davis
|
0-0: Called Strike 0-1: Ball 1-1: Fly out, F9 (Flyball, 9LM, EV 77.5 MPH)
|
Batting: RHB Andres Leon
|
0-0: Ball 1-0: Ball 2-0: Ball 3-0: Called Strike 3-1: SOLO HOME RUN (Line Drive, 7LD, EV 96.9 MPH), Distance : 352 ft
|
Batting: RHB Victor Quinones
|
0-0: Ground out 5-3 (Groundball, 56, EV 106.2 MPH)
|
Top of the 3rd over - 1 run, 1 hit, 0 errors, 0 left on base; Detroit 2 - Toronto 0 |
BOTTOM OF THE 3RD |
Toronto Blue Jays batting - Pitching for Detroit Tigers : RHP Eric Putnam
|
Batting: SHB Dylan Novakowski
|
0-0: Ball 1-0: Ball 2-0: Called Strike 2-1: Foul Ball, location: 2F 2-2: Ball 3-2: Foul Ball, location: 2F 3-2: Ground out U3 (Groundball, 3, EV 86.2 MPH)
|
Batting: SHB Matt Altieri
|
0-0: Called Strike 0-1: Ball 1-1: Foul Ball, location: 2F 1-2: Ball 2-2: Ground out 5-3 (Groundball, 56, EV 104.4 MPH)
|
Batting: RHB Danny Burnside
|
0-0: Swinging Strike 0-1: Called Strike 0-2: Foul Ball, location: 2F 0-2: Ground out 6-3 (Groundball, 6M, EV 102.5 MPH)
|
Bottom of the 3rd over - 0 runs, 0 hits, 0 errors, 0 left on base; Detroit 2 - Toronto 0 |
TOP OF THE 4TH |
Detroit Tigers batting - Pitching for Toronto Blue Jays : RHP Tony Rios
|
Batting: LHB Morgan Black
|
0-0: Ball 1-0: Called Strike 1-1: Ball 2-1: Swinging Strike 2-2: Strikes out swinging
|
Batting: RHB Dave Reynolds
|
0-0: Called Strike 0-1: Ball 1-1: Swinging Strike 1-2: Foul Ball, location: 2F 1-2: Ball 2-2: Ball 3-2: Base on Balls
|
Batting: RHB Adrian Novakovic
|
0-0: Called Strike 0-1: Ball 1-1: Foul Ball, location: 2F 1-2: Strikes out swinging
|
Batting: LHB Emmanuel Gaskin
|
0-0: Ball 1-0: Foul Ball, location: 2F 1-1: Ball Dave Reynolds is caught stealing 2nd base 2-6
|
Top of the 4th over - 0 runs, 0 hits, 0 errors, 0 left on base; Detroit 2 - Toronto 0 |
BOTTOM OF THE 4TH |
Toronto Blue Jays batting - Pitching for Detroit Tigers : RHP Eric Putnam
|
Batting: LHB Michael Byrd
|
0-0: Foul Ball, location: 2F 0-1: Ball 1-1: DOUBLE (Groundball, 5L, EV 107.5 MPH)
|
Batting: RHB David Casas
|
0-0: Foul Ball, location: 2F 0-1: Ball 1-1: Ball 2-1: Foul Ball, location: 2F 2-2: Strikes out looking
|
Batting: LHB Jon Schick
|
0-0: Called Strike 0-1: SINGLE (Line Drive, 9S, EV 95.6 MPH) Michael Byrd to third
|
Batting: RHB Donny Burnside
|
0-0: Called Strike Jon Schick steals 2nd base 0-1: Swinging Strike 0-2: Ground out 6-3 (Groundball, 6, EV 83.8 MPH) Michael Byrd scores Jon Schick to third
|
Batting: LHB Nate Dean
|
0-0: Ball 1-0: Ball 2-0: Foul Ball, location: 2F 2-1: 2-RUN HOME RUN (Flyball, 9LD, EV 93.8 MPH), Distance : 352 ft
|
Batting: RHB Kirk Arp
|
0-0: Called Strike 0-1: Swinging Strike 0-2: Ball 1-2: Fly out, F9 (Flyball, 9LS, EV 91.2 MPH)
|
Bottom of the 4th over - 3 runs, 3 hits, 0 errors, 0 left on base; Detroit 2 - Toronto 3 |
TOP OF THE 5TH |
Detroit Tigers batting - Pitching for Toronto Blue Jays : RHP Tony Rios
|
Batting: LHB Emmanuel Gaskin
|
0-0: Called Strike 0-1: Foul Ball, location: 2F 0-2: Ball 1-2: Strikes out swinging
|
Batting: SHB Ross Holland
|
0-0: Ball 1-0: Foul Ball, location: 2F 1-1: Swinging Strike 1-2: Ball 2-2: Strikes out swinging
|
Batting: RHB Jerry Jauregui
|
0-0: Ground out U3 (Groundball, 34S, EV 87.5 MPH)
|
Top of the 5th over - 0 runs, 0 hits, 0 errors, 0 left on base; Detroit 2 - Toronto 3 |
BOTTOM OF THE 5TH |
Toronto Blue Jays batting - Pitching for Detroit Tigers : RHP Eric Putnam
|
Batting: SHB Dylan Novakowski
|
0-0: Ball 1-0: Ball 2-0: Called Strike 2-1: Ball 3-1: Called Strike 3-2: Strikes out swinging
|
Batting: SHB Matt Altieri
|
0-0: Called Strike 0-1: Called Strike 0-2: Strikes out swinging
|
Batting: RHB Danny Burnside
|
0-0: Ball 1-0: Called Strike 1-1: Ball 2-1: Ball 3-1: Base on Balls
|
Batting: LHB Michael Byrd
|
0-0: Ball 1-0: Called Strike Danny Burnside steals 2nd base 1-1: Ball 2-1: Called Strike 2-2: SINGLE (Line Drive, 6MD, EV 95.6 MPH) Danny Burnside to third Runner from 3rd tries for Home, SAFE, throw by CF to home
|
Batting: RHB David Casas
|
0-0: Ball 1-0: Called Strike 1-1: Called Strike 1-2: Fielders Choice at 2nd, 5-4 (Groundball, 5L, EV 91.2 MPH)
|
Bottom of the 5th over - 1 run, 1 hit, 0 errors, 1 left on base; Detroit 2 - Toronto 4 |
TOP OF THE 6TH |
Detroit Tigers batting - Pitching for Toronto Blue Jays : RHP Tony Rios
|
Batting: LHB Tyler Davis
|
0-0: Called Strike 0-1: Ball 1-1: Called Strike 1-2: Foul Ball, location: 2F 1-2: Foul Ball, location: 2F 1-2: Foul Ball, location: 2F 1-2: Ball 2-2: Ball 3-2: Foul Ball, location: 2F 3-2: Ground out 4-3 (Groundball, 4D, EV 101.2 MPH)
|
Batting: RHB Andres Leon
|
0-0: Called Strike 0-1: Ball 1-1: Ball 2-1: Foul Ball, location: 2F 2-2: Ball 3-2: Strikes out looking
|
Batting: RHB Victor Quinones
|
0-0: Called Strike 0-1: DOUBLE (Line Drive, 89XD, EV 106.9 MPH)
|
Batting: LHB Morgan Black
|
0-0: Ball 1-0: Ball 2-0: Ball 3-0: Base on Balls
|
Batting: RHB Dave Reynolds
|
0-0: Ball 1-0: Called Strike 1-1: Swinging Strike 1-2: SINGLE (Line Drive, 9S, EV 95.0 MPH) Victor Quinones to third Morgan Black to second Runner from 3rd tries for Home, SAFE, throw by RF to home
|
Batting: RHB Adrian Novakovic
|
0-0: Ball 1-0: Called Strike 1-1: Swinging Strike 1-2: Foul Ball, location: 2F 1-2: Strikes out swinging
|
Top of the 6th over - 1 run, 2 hits, 0 errors, 2 left on base; Detroit 3 - Toronto 4 |
BOTTOM OF THE 6TH |
Toronto Blue Jays batting - Pitching for Detroit Tigers : RHP Eric Putnam
|
Batting: LHB Jon Schick
|
0-0: Ground out U3 (Groundball, 3L, EV 85.0 MPH)
|
Batting: RHB Donny Burnside
|
0-0: Ball 1-0: Foul Ball, location: 2F 1-1: Swinging Strike 1-2: Strikes out swinging
|
Batting: LHB Nate Dean
|
0-0: Ball 1-0: Swinging Strike 1-1: Foul Ball, location: 2F 1-2: Ball 2-2: Ball 3-2: Foul Ball, location: 2F 3-2: Base on Balls
|
Batting: RHB Kirk Arp
|
0-0: Ball 1-0: Foul Ball, location: 2F 1-1: Called Strike 1-2: Foul Ball, location: 2F 1-2: Strikes out swinging
|
Bottom of the 6th over - 0 runs, 0 hits, 0 errors, 1 left on base; Detroit 3 - Toronto 4 |
TOP OF THE 7TH |
Detroit Tigers batting - Pitching for Toronto Blue Jays : RHP Tony Rios
|
Batting: LHB Emmanuel Gaskin
|
0-0: Ball 1-0: Swinging Strike 1-1: Foul Ball, location: 2F 1-2: Strikes out swinging
|
Batting: SHB Ross Holland
|
0-0: Ball 1-0: Foul Ball, location: 2F 1-1: Foul Ball, location: 2F 1-2: Strikes out swinging
|
Batting: RHB Jerry Jauregui
|
0-0: Ball 1-0: Ball 2-0: Called Strike 2-1: Foul Ball, location: 2F 2-2: Foul Ball, location: 2F 2-2: Ball 3-2: DOUBLE (Line Drive, 89XD, EV 107.5 MPH)
|
Pitching: LHP Tim Franco
|
|
Pinch Hitting: RHB Greg Harman
|
0-0: Ball 1-0: Ball 2-0: Ball 3-0: Called Strike 3-1: Called Strike 3-2: Base on Balls
|
Batting: RHB Andres Leon
|
0-0: Ball 1-0: SINGLE (Line Drive, 9LS, EV 97.5 MPH) Jerry Jauregui to third Greg Harman to second Runner from 3rd tries for Home, SAFE, throw by RF to home
|
Batting: RHB Victor Quinones
|
0-0: Foul Ball, location: 2F 0-1: Ball 1-1: Ball 2-1: Ground out U3 (Groundball, 3S, EV 64.4 MPH)
|
Top of the 7th over - 1 run, 2 hits, 0 errors, 2 left on base; Detroit 4 - Toronto 4 |
BOTTOM OF THE 7TH |
Toronto Blue Jays batting - Pitching for Detroit Tigers : RHP Eric Putnam
|
Pitching: RHP Tim Bemish
|
|
Now in RF: Luke Feeney
|
|
Batting: SHB Dylan Novakowski
|
0-0: Foul Ball, location: 2F 0-1: Ball 1-1: Called Strike 1-2: Ball 2-2: Strikes out looking
|
Batting: SHB Matt Altieri
|
0-0: Ground out 3-1 (Groundball, 34S, EV 88.8 MPH)
|
Batting: RHB Danny Burnside
|
0-0: Called Strike 0-1: Ball 1-1: Ball 2-1: Foul Ball, location: 2F 2-2: Reached on error, E4 (Groundball, 4, EV 78.8 MPH)
|
Batting: LHB Michael Byrd
|
0-0: Fly out, F7 (Flyball, 7, EV 90.0 MPH)
|
Bottom of the 7th over - 0 runs, 0 hits, 1 error, 1 left on base; Detroit 4 - Toronto 4 |
TOP OF THE 8TH |
Detroit Tigers batting - Pitching for Toronto Blue Jays : LHP Tim Franco
|
Pinch Hitting: RHB Chris Wheatley
|
0-0: Ball 1-0: Ball 2-0: Ball 3-0: Base on Balls
|
Batting: RHB Dave Reynolds
|
0-0: Ball 1-0: Called Strike 1-1: Swinging Strike 1-2: Ball 2-2: Strikes out looking
|
Batting: RHB Adrian Novakovic
|
0-0: Swinging Strike 0-1: Ball Chris Wheatley is caught stealing 2nd base 2-4 1-1: Foul Ball, location: 2F 1-2: Foul Ball, location: 2F 1-2: Foul Ball, location: 2F 1-2: Ball 2-2: Ball 3-2: Base on Balls
|
Batting: LHB Emmanuel Gaskin
|
0-0: Called Strike 0-1: Called Strike 0-2: Strikes out swinging
|
Top of the 8th over - 0 runs, 0 hits, 0 errors, 1 left on base; Detroit 4 - Toronto 4 |
BOTTOM OF THE 8TH |
Toronto Blue Jays batting - Pitching for Detroit Tigers : RHP Tim Bemish
|
Now in LF: Bill Ford
|
|
Batting: RHB David Casas
|
0-0: Called Strike 0-1: Ball 1-1: Ball 2-1: Ball 3-1: Foul Ball, location: 2F 3-2: Base on Balls
|
Batting: LHB Jon Schick
|
0-0: Ball 1-0: Ball Wild Pitch! David Casas to second 2-0: Called Strike 2-1: Swinging Strike 2-2: Foul Ball, location: 2F 2-2: Foul Ball, location: 2F 2-2: Fly out, F4 (Line Drive, 4, EV 67.5 MPH)
|
Batting: RHB Donny Burnside
|
0-0: Ball 1-0: Called Strike 1-1: Ball 2-1: Ground out 4-3 (Groundball, 4, EV 84.4 MPH) David Casas to third
|
Batting: LHB Nate Dean
|
0-0: Ball 1-0: Ball 2-0: Called Strike 2-1: Foul Ball, location: 2F 2-2: Fly out, F7 (Flyball, 7, EV 89.4 MPH)
|
Bottom of the 8th over - 0 runs, 0 hits, 0 errors, 1 left on base; Detroit 4 - Toronto 4 |
TOP OF THE 9TH |
Detroit Tigers batting - Pitching for Toronto Blue Jays : LHP Tim Franco
|
Pitching: RHP Hoof Harted
|
|
Batting: SHB Ross Holland
|
0-0: Ball 1-0: Ground out 6-3 (Groundball, 56D, EV 86.9 MPH)
|
Batting: RHB Jerry Jauregui
|
0-0: Ball 1-0: Ball 2-0: Called Strike 2-1: Foul Ball, location: 2F 2-2: Ball 3-2: Strikes out swinging
|
Batting: RHB Luke Feeney
|
0-0: Ball 1-0: Ground out 6-3 (Groundball, 6, EV 110.0 MPH)
|
Top of the 9th over - 0 runs, 0 hits, 0 errors, 0 left on base; Detroit 4 - Toronto 4 |
BOTTOM OF THE 9TH |
Toronto Blue Jays batting - Pitching for Detroit Tigers : RHP Tim Bemish
|
Pitching: RHP Franz Holzknecht
|
|
Batting: RHB Kirk Arp
|
0-0: Called Strike 0-1: Ball 1-1: Ball 2-1: Ball 3-1: Called Strike 3-2: Fly out, F9 (Flyball, 9, EV 91.9 MPH)
|
Batting: SHB Dylan Novakowski
|
0-0: Called Strike 0-1: Called Strike 0-2: Ball 1-2: Ground out 6-3 (Groundball, 56, EV 83.8 MPH)
|
Batting: SHB Matt Altieri
|
0-0: Called Strike 0-1: Ball 1-1: Ball 2-1: Foul Ball, location: 2F 2-2: Foul Ball, location: 2F 2-2: Ground out 5-3 (Groundball, 5S, EV 67.5 MPH)
|
Bottom of the 9th over - 0 runs, 0 hits, 0 errors, 0 left on base; Detroit 4 - Toronto 4 |
TOP OF THE 10TH |
Detroit Tigers batting - Pitching for Toronto Blue Jays : RHP Hoof Harted
|
Batting: RHB Andres Leon
|
0-0: Ball 1-0: Swinging Strike 1-1: Ball 2-1: SOLO HOME RUN (Flyball, 78XD, EV 103.8 MPH), Distance : 412 ft
|
Batting: RHB Victor Quinones
|
0-0: Called Strike 0-1: Swinging Strike 0-2: Ball 1-2: Foul Ball, location: 2F 1-2: Foul Ball, location: 2F 1-2: Ball 2-2: Strikes out swinging
|
Batting: LHB Bill Ford
|
0-0: Called Strike 0-1: DOUBLE (Line Drive, 9LS, EV 109.4 MPH)
|
Batting: RHB Dave Reynolds
|
0-0: Ball 1-0: Fly out, F8 (Flyball, 8LM, EV 88.1 MPH)
|
Batting: RHB Adrian Novakovic
|
0-0: Called Strike 0-1: Ball 1-1: Foul Ball, location: 2F 1-2: Strikes out swinging
|
Top of the 10th over - 1 run, 2 hits, 0 errors, 1 left on base; Detroit 5 - Toronto 4 |
BOTTOM OF THE 10TH |
Toronto Blue Jays batting - Pitching for Detroit Tigers : RHP Franz Holzknecht
|
Batting: RHB Danny Burnside
|
0-0: Foul Ball, location: 2F 0-1: Foul Ball, location: 2F 0-2: Ball 1-2: Fly out, F8 (Flyball, 8RM, EV 91.2 MPH)
|
Batting: LHB Michael Byrd
|
0-0: Ball 1-0: Ball 2-0: Swinging Strike 2-1: Called Strike 2-2: Foul Ball, location: 2F 2-2: Ball 3-2: Ground out 6-3 (Groundball, 6, EV 97.5 MPH)
|
Batting: RHB David Casas
|
0-0: Called Strike 0-1: Ground out 6-3 (Groundball, 56S, EV 70.0 MPH)
|
Bottom of the 10th over - 0 runs, 0 hits, 0 errors, 0 left on base; Detroit 5 - Toronto 4 |
|